 Dungeon Crawl Stone Soup version 0.17.1-1-g73c8601 (webtiles) character file.

5943 Runnr the Fighter (level 10, -4/84 HPs)
             Began as a Demonspawn Chaos Knight on Jan 9, 2016.
             Slain by a seven-headed hydra (6 damage)
             ... on level 9 of the Dungeon.
             The game lasted 00:42:13 (12555 turns).

Runnr the Fighter (Demonspawn Chaos Knight)        Turns: 12555, Time: 00:42:14

Health: -4/84      AC:  9    Str: 10    XL:     10   Next: 54%
Magic:  0/12       EV: 11    Int: 17    God:    Xom [*.....]
Gold:   279        SH:  0    Dex: 16    Spells: 1 memorised, 8 levels left

rFire  . . .     SeeInvis .     a - +3 falchion (chaos)
rCold  . . .     Clarity  .     v - +3 leather armour {rPois}
rNeg   . . .     SustAt   .     (no shield)
rPois  +         Gourm    .     (helmet restricted)
rElec  .         Spirit   +     (no cloak)
rCorr  .         Warding  .     y - +0 pair of gloves
rMut   .         Stasis   .     (no boots)
MR     +....                    (no amulet)
Stlth  +.........               D - ring of protection from magic
                                k - +3 ring of intelligence

@: very slightly contaminated, somewhat resistant to hostile enchantments, very
unstealthy
A: antennae 2, rugged brown scales 1, screaming 1, weak 1, magic shield
a: Renounce Religion


You were on level 9 of the Dungeon.
You worshipped Xom.
You were a special plaything of Xom.
You were not hungry.

You visited 1 branch of the dungeon, and saw 9 of its levels.
You also visited: Ossuary.

You collected 279 gold pieces.

Inventory:

Hand Weapons
 a - a +3 falchion of chaos (weapon)
 S - a +0 blowgun
Missiles
 e - 68 poisoned needles
 j - 6 curare-tipped needles
Armour
 v - a +3 leather armour of poison resistance (worn)
 y - a +0 pair of gloves (worn)
 O - a +2 scale mail of cold resistance
Jewellery
 k - a +3 ring of intelligence (left hand)
 l - an uncursed ring of stealth
 s - an uncursed ring of protection from fire
 D - a ring of protection from magic (right hand)
 U - an uncursed ring of wizardry {unknown}
Wands
 p - a wand of random effects (36)
 H - a wand of random effects (17)
 I - a wand of random effects (22)
 N - a wand of confusion (10)
 T - a wand of frost (33)
Scrolls
 b - a scroll of random uselessness
 d - 3 scrolls of amnesia
 f - 9 scrolls of remove curse
 g - a scroll of recharging
 i - 2 scrolls of enchant armour
 m - 3 scrolls of blinking
 q - a scroll of teleportation {unknown}
 G - 2 scrolls of silence {unknown}
 J - 3 scrolls of identify
 L - a scroll of noise {unknown}
 P - 2 scrolls of immolation {unknown}
Potions
 c - a potion of ambrosia {unknown}
 h - 3 potions of haste {unknown}
 n - a potion of cure mutation {unknown}
 o - 2 potions of invisibility {unknown}
 r - a potion of lignification {unknown}
 t - 3 potions of heal wounds
 u - 2 potions of berserk rage {unknown}
 x - 2 potions of might
 z - a potion of beneficial mutation {unknown}
 A - 3 potions of mutation
 B - 3 potions of poison {unknown}
 E - 2 potions of brilliance {unknown}
 F - 4 potions of curing {unknown}
 Q - a potion of flight {unknown}
Books
 w - a Young Poisoner's Handbook

   Spells                             Type                      Level
   a - Sting                          Conjuration/Poison           1
   b - Cure Poison                    Poison                       2
   c - Mephitic Cloud                 Conjuration/Poison/Air       3
   d - Olgreb's Toxic Radiance        Poison                       4
   e - Venom Bolt                     Conjuration/Poison           5
 K - a book of the Sky

   Spells                             Type                      Level
   a - Summon Lightning Spire         Summoning/Air                4
   b - Airstrike                      Air                          4
   c - Silence                        Hexes/Air                    5
   d - Deflect Missiles               Charms/Air                   6
   e - Conjure Ball Lightning         Conjuration/Air              6
   f - Tornado                        Air                          9
 M - a Grand Grimoire

   Spells                             Type                      Level
   a - Monstrous Menagerie            Summoning                    6
   b - Summon Greater Demon           Summoning                    7
   c - Malign Gateway                 Summoning/Translocation      7
   d - Summon Horrible Things         Summoning                    8
Comestibles
 C - 6 bread rations
 R - 3 meat rations
 V - 3 chunks of flesh


   Skills:
 - Level 8.8 Fighting
 + Level 7.7 Long Blades
 + Level 7.4 Armour
 + Level 7.1 Dodging
 + Level 1.5 Spellcasting
 + Level 0.0 Air Magic


You had 8 spell levels left.
You knew the following spells:

 Your Spells              Type           Power        Failure   Level  Hunger
a - Airstrike             Air            #.........   100%        4    #####..


Dungeon Overview and Level Annotations

Branches:
Dungeon (9/15)             Temple (0/1) D:5             Orc (0/4) D:9
   Lair: D:8-11

Altars:
Cheibriados
Dithmenos
Kikubaaqudgha
Nemelex Xobeh
Okawaru
Sif Muna
Yredelemnul


Innate Abilities, Weirdness & Mutations

You have a pair of antennae on your head.
You are partially covered in rugged brown scales (AC +1, +3% HP).
When hurt, damage is shared between your health and your magic reserves.
You occasionally shout uncontrollably at your foes.
You are weak. (Str -2)


Message History

* * * LOW HITPOINT WARNING * * *
The seven-headed hydra completely misses you.
The seven-headed hydra bites you but does no damage.
The seven-headed hydra bites you.
* * * LOW HITPOINT WARNING * * *
The seven-headed hydra misses you.
Read which item? (? for menu, Esc to quit)
Blink to where?
Press: ? - help, Dir - move target cursor, p - seven-headed hydra
As you read the scroll of blinking, it crumbles to dust.
There is an escape hatch in the floor here.
You can't go up here!
The seven-headed hydra barely misses you. x2
The seven-headed hydra bites you but does no damage.
The seven-headed hydra bites you.
* * * LOW HITPOINT WARNING * * *
The seven-headed hydra closely misses you.
The seven-headed hydra bites you.
You die...
Xom thinks this is hilarious!

####..# ##.#### #....#
#########.### ##### #...........#
#.... #......÷....# #....
#...........########....
#...)......[[)..[D.§....
##########(.....@....########....
#.......((.......D...# #####
#.################[### # #(# #).#
# #)## #####)#### ####### #..#
#....D...# #...... #)##
#........# #...... #..####
#....§...### #...... #.....#
#........'.####.....>


You could see a seven-headed hydra.

Vanquished Creatures
  Grinder (D:5)
  Prince Ribbit (D:5)
  A raiju (D:8)
  Sigmund (D:6)
  3 yaks (D:8)
  A wolf (D:3)
  3 orc warriors (D:9)
  A black bear (D:9)
  7 ogres
  A sky beast (D:7)
  A phantom (D:6)
  A big kobold (D:8)
  5 centaurs
  Blork the orc (D:5)
  A crocodile (D:6)
  A gnoll sergeant (D:5)
  7 water moccasin zombies (Ossuary)
  Dowan (D:6)
  4 giant frogs
  4 scorpions
  4 killer bees (D:9)
  4 crimson imps
  A quasit (D:6)
  A wasp zombie (D:8)
  2 giant frog zombies
  7 hounds
  A centaur skeleton (D:7)
  4 orc priests
  3 jellies
  A giant frog skeleton (D:5)
  9 worker ants
  11 orc wizards
  An iguana (D:6)
  3 big kobold zombies (Ossuary)
  A hound skeleton (D:4)
  A hound zombie (D:6)
  2 mummies (Ossuary)
  4 gnolls
  A shadow imp (D:5)
  10 adders
  2 adder zombies (Ossuary)
  2 worms
  4 giant geckos
  53 orcs
  2 ball pythons
  13 bats
  10 giant cockroaches
  5 hobgoblins
  4 quokkas
  6 giant newts
  4 gnoll zombies
  8 goblins
  3 hobgoblin zombies (Ossuary)
  4 jackals (D:7)
  A jackal zombie (D:5)
  14 kobolds
  4 kobold zombies (Ossuary)
  4 orc zombies (Ossuary)
  6 rats
266 creatures vanquished.

Vanquished Creatures (collateral kills)
  Edmund (D:5)
  An ogre (D:4)
  A giant frog skeleton (D:5)
  A shadow imp (D:5)
  An orc (D:4)
5 creatures vanquished.

Vanquished Creatures (others)
  A yak (D:8)
  A phantom (D:4)
  An adder zombie (Ossuary)
  A kobold zombie (Ossuary)
  2 orc zombies (Ossuary)
6 creatures vanquished.

Grand Total: 277 creatures vanquished

Notes
Turn   | Place    | Note
--------------------------------------------------------------
     0 | D:1      | Runnr the Demonspawn Chaos Knight began the quest for the Orb.
     0 | D:1      | Reached XP level 1. HP: 18/18 MP: 1/1
    13 | D:1      | Reached skill level 1 in Dodging
   225 | D:1      | XOM: harmless Trmt miscast
   226 | D:1      | XOM: divination: magic mapping
   235 | D:1      | Gained mutation: You have a pair of small antennae on your head. [demonic ancestry]
   235 | D:1      | Reached XP level 2. HP: 18/24 MP: 2/2
   422 | D:1      | XOM: divination: detect creatures
   459 | D:1      | XOM: colour smoke trail
   822 | D:1      | XOM: smoke on damage
  1008 | D:2      | Reached XP level 3. HP: 26/29 MP: 3/3
  1021 | D:2      | XOM: colour smoke trail
  1079 | D:2      | XOM: silly message
  1407 | D:2      | XOM: harmless Tloc miscast
  2059 | D:3      | Reached XP level 4. HP: 27/36 MP: 4/4
  2357 | D:3      | XOM: colour smoke trail
  2403 | D:3      | XOM: harmless Divn miscast
  2540 | D:3      | Noticed a wolf
  2540 | D:3      | an orc priest changed into a wolf
  2540 | D:3      | XOM: polymorph orc priest -> wolf
  2547 | D:3      | XOM: enchant monster (bad)
  2552 | D:3      | Killed a wolf
  2552 | D:3      | Reached skill level 4 in Fighting
  2552 | D:3      | Gained mutation: You are partially covered in rugged brown scales (AC +1, +3% HP). [demonic ancestry]
  2552 | D:3      | Reached XP level 5. HP: 16/43 MP: 5/5
  2778 | D:3      | XOM: medium Erth miscast
  2929 | D:3      | XOM: noise
  2939 | D:3      | XOM: divination: detect items
  3022 | D:3      | XOM: god gift: metallic emerald potion
  3402 | D:4      | Noticed a phantom
  3413 | D:4      | XOM: summons friendly quasit
  3489 | D:4      | Banished a phantom
  3489 | D:4      | Gained mutation: You have a pair of antennae on your head. [demonic ancestry]
  3489 | D:4      | Reached XP level 6. HP: 42/49 MP: 6/6
  3686 | D:4      | XOM: divination: magic mapping
  3883 | D:4      | XOM: scenery: 1 doors close
  3968 | D:4      | Noticed an ogre
  3982 | D:4      | XOM: divination: detect items
  4202 | D:4      | XOM: divination: detect creatures
  4311 | D:5      | Entered Level 5 of the Dungeon
  4312 | D:5      | XOM: enchant monster (good)
  4317 | D:5      | Noticed Blork the orc
  4353 | D:5      | Noticed Grinder
  4364 | D:5      | XOM: divination: magic mapping
  4376 | D:4      | XOM: god gift: dagger {god gift}
  4419 | D:5      | Noticed Edmund
  4428 | D:5      | XOM: noise
  4430 | D:4      | XOM: summons 6 friendly demons
  4435 | D:4      | Killed an ogre
  4512 | D:5      | XOM: blink monster(s)
  4548 | D:5      | XOM: mild Fire miscast
  4597 | D:5      | Noticed Prince Ribbit
  4601 | D:5      | XOM: chaos upgrade
  4613 | D:5      | XOM: destruction
  4617 | D:5      | XOM: medium Fire miscast
  4618 | D:5      | XOM: divination: magic mapping
  4639 | D:4      | XOM: cast spell 'Shadow Creatures'
  4656 | D:4      | XOM: noise
  4689 | D:4      | XOM: colour smoke trail
  4791 | D:3      | XOM: cast spell 'Ice Form'
  4846 | D:5      | Found a staircase to the Ecumenical Temple.
  4859 | D:5      | Reached XP level 7. HP: 40/56 MP: 7/7
  4907 | D:5      | Found a sand-covered staircase.
  4911 | Ossuary  | Entered an ossuary
  5044 | Ossuary  | XOM: divine lightning (protected)
  5045 | Ossuary  | XOM: destruction
  5105 | Ossuary  | XOM: blink monster(s)
  5112 | Ossuary  | Reached skill level 5 in Fighting
  5139 | Ossuary  | XOM: noise
  5377 | Ossuary  | XOM: destruction
  5386 | Ossuary  | XOM: swap monsters
  5534 | D:5      | XOM: summons 7 friendly demons
  5553 | D:5      | Found a sparkling altar of Nemelex Xobeh.
  5576 | D:5      | Killed Grinder
  5576 | D:5      | Reached XP level 8. HP: 45/65 MP: 8/8
  5588 | D:5      | XOM: summons 2 friendly demons
  5595 | D:5      | Reached skill level 5 in Long Blades
  5836 | D:5      | Reached skill level 5 in Armour
  5842 | D:5      | XOM: enchant monster (good)
  6109 | D:5      | XOM: swap monsters
  6136 | D:5      | Reached skill level 6 in Fighting
  6343 | D:4      | XOM: medium Ice miscast
  6347 | D:5      | XOM: swap monsters
  6358 | D:5      | XOM: confuse monster(s)
  6378 | D:5      | Killed Prince Ribbit
  6514 | D:5      | XOM: summons 7 friendly demons
  6532 | D:5      | Killed Edmund
  6679 | D:5      | Killed Blork the orc
  6782 | D:5      | Reached skill level 5 in Dodging
  7205 | D:6      | Found a basalt altar of Yredelemnul.
  7246 | D:6      | XOM: polymorph shadow imp -> quasit
  7424 | D:6      | Noticed Sigmund
  7426 | D:6      | XOM: mild Air miscast
  7437 | D:6      | Killed Sigmund
  7437 | D:6      | Gained mutation: When hurt, damage is shared between your health and your magic reserves. [demonic ancestry]
  7437 | D:6      | Reached XP level 9. HP: 53/73 MP: 9/9
  7678 | D:6      | Found a snail-covered altar of Cheibriados.
  7868 | D:6      | Reached skill level 7 in Fighting
  7960 | D:7      | Noticed Dowan
  7963 | D:7      | XOM: summons friendly ufetubus
  7968 | D:7      | Noticed Duvessa
  7977 | D:6      | XOM: summons friendly quasit
  7988 | D:6      | XOM: enchant monster (bad)
  8002 | D:6      | Noticed Duvessa
  8002 | D:6      | Duvessa changed into Duvessa the crocodile
  8002 | D:6      | XOM: polymorph Duvessa -> Duvessa the crocodile
  8008 | D:6      | Killed Duvessa the crocodile
  8028 | D:6      | XOM: summons 1 hostile demon
  8031 | D:6      | XOM: enchant monster (good)
  8037 | D:6      | Killed Dowan
  8076 | D:6      | XOM: give mutations
  8076 | D:6      | Gained mutation: You are weak. (Str -2) [Xom's mischief]
  8076 | D:6      | Gained mutation: You occasionally shout uncontrollably at your foes. [Xom's mischief]
  8272 | D:7      | XOM: noise
  8343 | D:7      | XOM: divination: magic mapping
  8365 | D:7      | XOM: medium Trmt miscast
  8408 | D:7      | XOM: medium Erth miscast
  8537 | D:7      | XOM: summons 1 hostile demon
  8769 | D:7      | XOM: harmless Tloc miscast
  8967 | D:8      | Found an iron altar of Okawaru.
  9042 | D:8      | XOM: polymorph two-headed ogre -> raiju
  9355 | D:8      | Found a deep blue altar of Sif Muna.
  9521 | D:8      | Found a shadowy altar of Dithmenos.
  9579 | D:8      | Reached skill level 8 in Fighting
  9671 | D:8      | Reached XP level 10. HP: 23/82 MP: 4/10
 10273 | D:8      | XOM: summons 5 hostile shadow creatures
 10357 | D:8      | XOM: scenery: 3 doors close
 10466 | D:8      | XOM: harmless Air miscast
 10530 | D:8      | XOM: harmless Tloc miscast
 10571 | D:8      | XOM: harmless Trmt miscast
 10947 | D:9      | Found an ancient bone altar of Kikubaaqudgha.
 11362 | D:9      | XOM: mild Air miscast
 11625 | D:9      | XOM: harmless Pois miscast
 11969 | D:9      | Reached skill level 1 in Spellcasting
 12026 | D:9      | Noticed a seven-headed hydra
 12035 | D:9      | XOM: divination: detect creatures
 12083 | D:9      | XOM: cast spell 'Dispersal'
 12212 | D:9      | XOM: confuse monster(s)
 12244 | D:9      | XOM: harmless Summ miscast
 12305 | D:9      | Found a staircase to the Orcish Mines.
 12518 | D:9      | Learned a level 4 spell: Airstrike
 12534 | D:9      | XOM: enchant monster (bad)
 12538 | D:9      | XOM: noise
 12551 | D:9      | HP: 4/84 [seven-headed hydra (1)]
 12555 | D:9      | Slain by a seven-headed hydra

Action                   |  1- 3 |  4- 6 |  7- 9 | 10-12 || total
-------------------------+-------+-------+-------+-------++-------
Melee: Falchion          |   119 |   164 |   591 |   295 ||  1169
       Great sword       |    13 |       |       |       ||    13
Evoke: Wand              |       |       |       |     4 ||     4
  Use: Scroll            |     1 |     7 |     3 |     2 ||    13
       Potion            |       |     1 |       |       ||     1
 Stab: Paralysed         |     1 |     1 |    11 |    10 ||    23
       Sleeping          |     6 |     1 |     2 |       ||     9
       Confused          |       |       |     2 |     1 ||     3
       Distracted        |       |       |     2 |       ||     2
       Petrifying        |       |       |     1 |     1 ||     2
       Petrified         |       |       |       |     1 ||     1
  Eat: Chunk             |     4 |     9 |    13 |     9 ||    35
       Beef jerky        |       |       |     1 |     1 ||     2
